 Dungeon Crawl Stone Soup version 0.31-a0-1183-gd88bbb8b4d (webtiles) character file.

Game seed: 2150578355835491445

16442 qw the Skirmisher (level 12, -8/77 HPs)
             Began as a Gargoyle Hunter on Dec 11, 2023.
             Was a High Priest of Okawaru.
             Mangled by a tengu reaver
             ... wielding a +3 battleaxe
              (13 damage)
             ... on level 11 of the Dungeon.
             The game lasted 00:03:30 (7821 turns).

qw the Skirmisher (Gargoyle Hunter)                 Turns: 7821, Time: 00:03:31

Health: -8/77      AC: 18    Str: 16    XL:     12   Next: 37%
Magic:  11/19      EV: 21    Int: 10    God:    Okawaru [*****.]
Gold:   484        SH:  5    Dex: 23    Spells: 11/11 levels left

rFire   . . .        b - +3 arbalest (flame)
rCold   . . .        (shield currently unavailable)
rNeg    + . .        n - +0 troll leather armour
rPois   inf          c - +0 helmet
rElec   +            (no cloak)
rCorr   .            p - +1 pair of gloves
SInv    .            o - +2 pair of boots
Will    .....        g - amulet of reflection
Stlth   ++           u - +5 ring of evasion
HPRegen 1.12/turn    l - +6 ring of dexterity
MPRegen 0.16/turn

%: reflection
@: about to teleport, finesse-ful, marked
A: sickness immunity, AC +8, negative energy resistance 1, electricity
resistance, torment resistance 1, petrification resistance
a: Renounce Religion, Heroism, Finesse, Duel


You were on level 11 of the Dungeon.
You worshipped Okawaru.
Okawaru was extremely pleased with you.
You visited 2 branches of the dungeon, and saw 12 of its levels.

You collected 588 gold pieces.
You spent 104 gold pieces at shops.


Innate Abilities, Weirdness & Mutations

You are immune to sickness and miasma.
Your stone body is resilient. (AC +8)
You are immune to poison.
You resist negative energy. (rN+)
You are resistant to electric shocks. (rElec)
You are resistant to unholy torment.
You are immune to petrification.


   Skills:
 - Level 10.0 Fighting
 + Level 14.0 Ranged Weapons
 - Level 3.3 Armour
 - Level 6.0 Dodging
 - Level 1.1 Stealth
 + Level 9.7 Invocations


You had 11 spell levels left.
You didn't know any spells.
Your spell library was empty.

Inventory:

Hand Weapons
 b - a +3 arbalest of flaming (weapon)
Armour
 c - a +0 helmet (worn)
 n - a +0 troll leather armour (worn)
 o - a +2 pair of boots (worn)
 p - a +1 pair of gloves (worn)
Jewellery
 f - a ring of fire
 g - an amulet of reflection (around neck)
 l - a +6 ring of dexterity (right hand)
 t - a ring of protection from fire
 u - a +5 ring of evasion (left hand)
Wands
 e - a wand of roots (15)
 s - a wand of paralysis (4)
Scrolls
 h - a scroll of fear {unknown}
 i - 8 scrolls of identify
 r - 2 scrolls of teleportation
Potions
 a - 2 potions of enlightenment
 d - 2 potions of haste
 j - 4 potions of might
 k - a potion of curing
 m - 3 potions of mutation
 q - a potion of resistance

Dungeon Overview and Level Annotations

Branches:
Dungeon (11/15)            Temple (1/1) D:4             Orc (0/2) D:9
   Lair: D:8-11

Altars:
Ashenzari
Cheibriados
Dithmenos
Elyvilon
Fedhas
Gozag
Hepliaklqana
Kikubaaqudgha
Makhleb
Nemelex Xobeh
Okawaru
Qazlal
Ru
Sif Muna
Trog
Uskayaw
Vehumet
Wu Jian
Xom
Yredelemnul
Zin
The Shining One

Shops:
D:3 [   D:5 ?

Annotations:
D:5 2 transporters


Message History

You are confused.
7813 ||| DRINKING 2 potions of curing.
You feel better.
7813 ||| (to cure confusion)
The wraith hits you but does no damage.
The vampire unwields a +1 heavy shortbow.
The vampire closely misses you. The vampire completely misses you.
You shoot a bolt. The bolt hits the vampire!!
The bolt burns the vampire!
You destroy the vampire!
Okawaru accepts your kill.
You shoot a bolt. The bolt misses the tengu reaver.
The bolt hits the orc knight!!
The bolt burns the orc knight.
The orc knight is heavily wounded.
You shoot a bolt.
The bolt hits the orc knight but does no damage.
The orc knight is heavily wounded.
You shoot a bolt. The bolt hits the orc knight!!
The bolt burns the orc knight.
The orc knight is almost dead.
You block the tengu reaver's attack. The tengu reaver pecks you.
The tengu reaver claws you.
You shoot a bolt.
The bolt hits the orc knight but does no damage.
The orc knight is almost dead.
You shoot a bolt. The bolt hits the orc knight.
The bolt burns the orc knight.
The orc knight is almost dead.
The tengu reaver gestures at you while chanting.
The bolt of fire misses you.
The orc knight hits you with a +0 long sword!
7820 ||| READING 3 scrolls of teleportation.
As you read the scroll of teleportation, it crumbles to dust.
You feel strangely unstable.
The tengu reaver hits you with a +3 battleaxe!
The tengu reaver pecks you but does no damage.
You block the tengu reaver's attack.
A wraith comes into view.
The orc knight closely misses you.
You shoot a bolt. The bolt hits the orc knight!!
The bolt burns the orc knight.
You kill the orc knight!
Okawaru accepts your kill.
The tengu reaver hits you with a +3 battleaxe!
You die...

###'# C ###...# ..
###.....#
...#.......#
..%W...}...'
#......C# #...tW#
###W)Q# ####@#
##### #?...# #...#
###....# ##...##
#[.....#
#.....####......#
##..}..##......###
#.......#......#
#.......#%...###
+.(..)..)%(..#


You could see a tengu reaver (repels missiles), a fire crab, a cyclops and 3
wraiths.

Vanquished Creatures
  A hydra (D:11)
  Erolcha (D:10)
  4 two-headed ogres
  Erica (D:11)
  A boulder beetle (D:11)
  A deep troll (D:11)
  An orc knight (D:11)
  A manticore (D:11)
  4 cyclopes (D:11)
  An unseen horror (D:10)
  Psyche (D:9)
  4 trolls
  A hornet (D:9)
  3 wraiths
  7 yaks (D:8)
  Eustachio (D:5)
  A vampire (D:11)
  A steam dragon (D:10)
  A basilisk (D:11)
  2 acid dragons
  2 water moccasins
  An ice beast (D:6)
  2 sky beasts
  6 orc warriors
  2 black bears
  14 centaurs
  3 ogres
  A phantom (D:7)
  5 kobold brigands
  4 bullfrogs
  A necrophage (D:7)
  A scorpion (D:2)
  5 wights (D:7)
  12 killer bees
  2 howler monkeys (D:4)
  3 electric eels
  5 jellies
  A wyvern simulacrum (D:7)
  10 orc priests
  3 gnoll boudas
  4 hounds
  Ijyb (D:5)
  4 iguanas
  12 orc wizards
  A centaur simulacrum (D:7)
  A howler monkey zombie (D:7)
  8 gnolls
  A howler monkey skeleton (D:7)
  7 adders
  A white imp (D:6)
  2 ufetubi (D:5)
  3 dart slugs
  32 orcs
  4 ball pythons
  2 endoplasms (D:2)
  2 giant cockroaches
  5 goblins
  4 hobgoblins
  3 quokkas
  2 bats
  A frilled lizard (D:3)
  19 kobolds
  4 rats
244 creatures vanquished.

Vanquished Creatures (others)
  A kobold (D:10)
1 creature vanquished.

Grand Total: 245 creatures vanquished

Notes
Turn   | Place    | Note
-------+----------+-------------------------------------------
     0 | D:1      | qw the Gargoyle Hunter began the quest for the Orb.
     0 | D:1      | Reached XP level 1. HP: 12/12 MP: 1/1
     0 | D:1      | 0 ||| qw: Version: 0.3-a-106-g2cfff9e
     0 | D:1      | 0 ||| qw: Game counter: 2096
     0 | D:1      | 0 ||| qw: Melee chars always use a shield: true
     0 | D:1      | 0 ||| qw: God list: Okawaru
     0 | D:1      | 0 ||| qw: Allow faded altars: false
     0 | D:1      | 0 ||| qw: Do Orc after clearing Dungeon:15 true
     0 | D:1      | 0 ||| qw: Do second Lair branch before Depths: true
     0 | D:1      | 0 ||| qw: Lair rune preference: random
     0 | D:1      | 0 ||| qw: Goals: Normal, Save, Zot:1-4, Win
     0 | D:1      | 0 ||| PLANNING D:1-11
   956 | D:1      | Reached XP level 2. HP: 17/17 MP: 2/2
  1117 | D:1      | 1117 ||| UPGRADING to +0 ring mail.
  1127 | D:1      | 1127 ||| DROPPING +0 leather armour.
  1128 | D:1      | 1128 ||| READING scroll labelled KOHOFARUEF.
  1129 | D:1      | 1129 ||| READING scroll labelled IJANAN BUHAETT.
  1129 | D:1      | 1129 ||| ENCHANTING +0 ring mail.
  1130 | D:1      | 1130 ||| READING scroll labelled ZEPOS KUUCHOME.
  1130 | D:1      | 1130 ||| IDENTIFYING bubbling pink potion
  1131 | D:1      | 1131 ||| DRINKING 2 glowing clear potions.
  1132 | D:1      | 1132 ||| DRINKING 2 metallic brown potions.
  1133 | D:1      | 1133 ||| DROPPING scroll of butterflies.
  1134 | D:1      | 1134 ||| DROPPING potion of degeneration.
  1135 | D:1      | 1135 ||| DROPPING potion of magic.
  1136 | D:1      | 1136 ||| DROPPING potion of brilliance.
  1195 | D:2      | Reached skill level 1 in Armour
  1248 | D:2      | Found a snail-covered altar of Cheibriados.
  1259 | D:2      | 1259 ||| FLEEEEING.
  1260 | D:2      | 1260 ||| FLEEEEING.
  1261 | D:2      | 1261 ||| FLEEEEING.
  1262 | D:2      | 1262 ||| FLEEEEING.
  1276 | D:2      | Noticed a scorpion
  1297 | D:2      | HP: 4/17 [scorpion (4)]
  1298 | D:2      | 1298 ||| DRINKING 2 fuming yellow potions.
  1302 | D:2      | Killed a scorpion
  1303 | D:2      | Reached skill level 5 in Ranged Weapons
  1303 | D:2      | Reached XP level 3. HP: 10/21 MP: 3/3
  1303 | D:2      | Reached XP level 4. HP: 13/26 MP: 4/4
  1827 | D:2      | Reached skill level 3 in Fighting
  1976 | D:2      | 1976 ||| READING scroll labelled FECZA CUKKOE.
  1976 | D:2      | Identified a scroll of acquirement
  1976 | D:2      | 1976 ||| 1976 ||| Offered manual of Evocations
  1976 | D:2      | 1976 ||| 1976 ||| Offered +2 arbalest of flaming
  1976 | D:2      | 1976 ||| 1976 ||| Offered staff of conjuration
  1976 | D:2      | 1976 ||| 1976 ||| Offered 860 gold pieces
  1976 | D:2      | 1976 ||| ACQUIRING +2 arbalest of flaming
  1976 | D:2      | Acquired a +2 arbalest of flaming
  1978 | D:2      | 1978 ||| SWAPPING to +2 arbalest of flaming.
  1979 | D:2      | 1979 ||| DROPPING +0 shortbow.
  1980 | D:2      | 1980 ||| READING scroll labelled JECY CUTEATT.
  1981 | D:2      | 1981 ||| READING scroll labelled LUHIOLUPOC.
  1982 | D:2      | 1982 ||| READING scroll labelled UCIUPN QUSE.
  2064 | D:3      | Reached XP level 5. HP: 32/32 MP: 5/5
  2162 | D:3      | Found Pejaddoj's Antique Armour Shop.
  2220 | D:3      | 2220 ||| SHOPLISTING +5 robe of Night {Dark Will+ SInv}
                  | (960 gold, have 65).
  2220 | D:3      | 2220 ||| SHOPLISTING helmet (72 gold, have 65).
  2220 | D:3      | 2220 ||| SHOPLISTING pair of gloves (72 gold, have 65).
  2220 | D:3      | 2220 ||| SHOPLISTING pair of runed gloves (120 gold, have
                  | 65).
  2371 | D:3      | Reached skill level 6 in Ranged Weapons
  2477 | D:3      | 2477 ||| DROPPING ring of flight.
  2478 | D:3      | 2478 ||| UPGRADING to +4 ring of protection.
  2479 | D:3      | 2479 ||| UPGRADING to +6 ring of dexterity.
  2480 | D:3      | 2480 ||| READING scroll labelled URUETO HINTAMU.
  2481 | D:3      | 2481 ||| DRINKING 2 black potions.
  2482 | D:3      | 2482 ||| DRINKING 3 silvery potions.
  2483 | D:3      | 2483 ||| DROPPING potion of invisibility.
  2566 | D:4      | Found a snail-covered altar of Cheibriados.
  2604 | D:4      | Noticed an ogre
  2608 | D:4      | Killed an ogre
  2609 | D:4      | Reached XP level 6. HP: 39/39 MP: 6/6
  2973 | D:4      | 2973 ||| UPGRADING to +0 helmet.
  2978 | D:4      | 2978 ||| UPGRADING to +2 pair of boots.
  2983 | D:4      | 2983 ||| UPGRADING to +0 pair of gloves.
  2988 | D:4      | 2988 ||| READING scroll of enchant armour.
  2988 | D:4      | 2988 ||| ENCHANTING +0 pair of gloves.
  3018 | D:5      | Entered Level 5 of the Dungeon
  3018 | D:5      | Found a transporter.
  3026 | D:5      | Noticed Ijyb
  3032 | D:5      | Killed Ijyb
  3058 | D:5      | Reached XP level 7. HP: 44/44 MP: 7/7
  3061 | D:5      | 3061 ||| STAIRDANCE
  3082 | D:5      | Reached skill level 7 in Ranged Weapons
  3211 | D:5      | Found The Oracle's Delphic Readings.
  3215 | D:5      | 3215 ||| BUYING scroll of identify (26 gold).
  3215 | D:5      | Bought a scroll of identify for 26 gold pieces
  3215 | D:5      | 3215 ||| BUYING scroll of identify (26 gold).
  3215 | D:5      | Bought a scroll of identify for 26 gold pieces
  3215 | D:5      | 3215 ||| BUYING scroll of identify (26 gold).
  3215 | D:5      | Bought a scroll of identify for 26 gold pieces
  3215 | D:5      | 3215 ||| BUYING scroll of identify (26 gold).
  3215 | D:5      | Bought a scroll of identify for 26 gold pieces
  3268 | D:5      | Found a transporter.
  3277 | D:5      | Reached skill level 8 in Ranged Weapons
  3344 | D:5      | Noticed Eustachio
  3349 | D:5      | 3349 ||| Stepping ~*~*~tactically~*~*~ (retreating).
  3353 | D:5      | Killed Eustachio
  3354 | D:5      | Reached XP level 8. HP: 50/50 MP: 8/8
  3528 | D:5      | Identified the +1 kite shield "Zoaghid" {rElec rC+ Will+
                  | Int-4}
  3621 | D:5      | 3621 ||| READING 5 scrolls of identify.
  3621 | D:5      | 3621 ||| IDENTIFYING clear potion
  3622 | D:5      | 3622 ||| READING 4 scrolls of identify.
  3622 | D:5      | 3622 ||| IDENTIFYING bubbling silvery potion
  3623 | D:5      | 3623 ||| READING 3 scrolls of identify.
  3623 | D:5      | 3623 ||| IDENTIFYING purple potion
  3624 | D:5      | 3624 ||| READING 2 scrolls of identify.
  3624 | D:5      | 3624 ||| IDENTIFYING bubbling white potion
  3625 | D:5      | 3625 ||| READING scroll of identify.
  3625 | D:5      | 3625 ||| IDENTIFYING metallic coppery potion
  3626 | D:5      | 3626 ||| DROPPING potion of attraction.
  3627 | D:5      | 3627 ||| DROPPING potion of berserk rage.
  3630 | D:5      | 3630 ||| STAIRDANCE
  3632 | D:4      | Found a staircase to the Ecumenical Temple.
  3633 | D:4      | 3633 ||| PLANNING TEMPLE
  3637 | Temple   | Entered the Ecumenical Temple
  3638 | Temple   | 3638 ||| PLANNING D:1-11
  3807 | D:6      | Reached skill level 9 in Ranged Weapons
  3846 | D:6      | Noticed a troll
  3847 | D:6      | Reached skill level 3 in Armour
  3850 | D:6      | Killed a troll
  3851 | D:6      | Reached skill level 6 in Fighting
  3955 | D:6      | Reached skill level 3 in Dodging
  3955 | D:6      | Reached XP level 9. HP: 56/56 MP: 9/9
  3966 | D:6      | Found a glowing golden altar of the Shining One.
  3966 | D:6      | Found a bloodstained altar of Trog.
  3983 | D:6      | 3983 ||| FLEEEEING.
  3984 | D:6      | 3984 ||| FLEEEEING.
  3985 | D:6      | 3985 ||| FLEEEEING.
  3986 | D:6      | 3986 ||| FLEEEEING.
  3987 | D:6      | 3987 ||| FLEEEEING.
  4074 | D:6      | Found a blossoming altar of Fedhas.
  4137 | D:6      | Reached skill level 10 in Ranged Weapons
  4248 | D:6      | Found an iron altar of Okawaru.
  4249 | D:6      | 4249 ||| PLANNING OKAWARU WORSHIP
  4249 | D:6      | 4249 ||| UPGRADING to +0 troll leather armour.
  4259 | D:6      | 4259 ||| DROPPING +1 ring mail.
  4260 | D:6      | 4260 ||| DROPPING +6 ring of strength.
  4261 | D:6      | 4261 ||| READING 2 scrolls of identify.
  4261 | D:6      | 4261 ||| IDENTIFYING cyan potion
  4262 | D:6      | 4262 ||| READING scroll of identify.
  4262 | D:6      | 4262 ||| IDENTIFYING scroll labelled BUIMIQYN TONTU
  4263 | D:6      | 4263 ||| READING scroll of enchant weapon.
  4263 | D:6      | 4263 ||| ENCHANTING +2 arbalest of flaming.
  4264 | D:6      | 4264 ||| READING scroll labelled HIZXYF TOMULU.
  4268 | D:6      | Became a worshipper of Warmaster Okawaru
  4269 | D:6      | 4269 ||| PLANNING D:1-11
  4566 | D:7      | 4566 ||| RETREEAATING.
  4568 | D:7      | 4568 ||| STILL RETREEAATING.
  4570 | D:7      | 4570 ||| Stepping ~*~*~tactically~*~*~ (retreating).
  4626 | D:7      | Found a hazy altar of Hepliaklqana.
  4635 | D:7      | Identified the +4 ring mail "Huhelass" {rElec rPois Int-5
                  | Slay-3}
  4659 | D:7      | Found a shimmering blue altar of Sif Muna.
  4902 | D:7      | Reached skill level 11 in Ranged Weapons
  4907 | D:7      | Reached * piety under Okawaru
  4916 | D:7      | Reached skill level 1 in Invocations
  4921 | D:7      | 4921 ||| FLEEEEING.
  4922 | D:7      | 4922 ||| FLEEEEING.
  4923 | D:7      | 4923 ||| FLEEEEING.
  4924 | D:7      | 4924 ||| FLEEEEING.
  4925 | D:7      | 4925 ||| FLEEEEING.
  4926 | D:7      | 4926 ||| FLEEEEING.
  4927 | D:7      | 4927 ||| FLEEEEING.
  4928 | D:7      | 4928 ||| FLEEEEING.
  4929 | D:7      | 4929 ||| FLEEEEING.
  4941 | D:7      | Reached XP level 10. HP: 64/64 MP: 11/11
  4953 | D:7      | Identified the +6 dagger of Highires {pain, *Noise Int+2
                  | Stlth+}
  5044 | D:7      | 5044 ||| DROPPING +4 ring mail "Huhelass" {rElec rPois
                  | Int-5 Slay-3}.
  5045 | D:7      | 5045 ||| UPGRADING to amulet of reflection.
  5050 | D:7      | 5050 ||| DROPPING +6 ring of intelligence.
  5120 | D:8      | Reached skill level 3 in Invocations
  5122 | D:8      | 5122 ||| Stepping ~*~*~tactically~*~*~ (retreating).
  5123 | D:8      | 5123 ||| Stepping ~*~*~tactically~*~*~ (retreating).
  5187 | D:8      | Reached ** piety under Okawaru
  5329 | D:8      | Found a basalt altar of Yredelemnul.
  5330 | D:8      | 5330 ||| RETREEAATING.
  5332 | D:8      | 5332 ||| Stepping ~*~*~tactically~*~*~ (retreating).
  5413 | D:8      | Reached skill level 12 in Ranged Weapons
  5505 | D:8      | 5505 ||| READING 5 scrolls of identify.
  5505 | D:8      | 5505 ||| IDENTIFYING scroll labelled NUOGRASUWU
  5506 | D:8      | 5506 ||| DROPPING scroll of poison.
  5782 | D:9      | 5782 ||| STAIRDANCE
  5787 | D:9      | 5787 ||| STAIRDANCE
  5794 | D:9      | 5794 ||| STAIRDANCE
  5838 | D:9      | Noticed Psyche
  5843 | D:9      | Killed Psyche
  5898 | D:9      | Reached *** piety under Okawaru
  6063 | D:9      | Found an ancient bone altar of Kikubaaqudgha.
  6079 | D:9      | Found a stormy altar of Qazlal.
  6103 | D:9      | 6103 ||| RETREEAATING.
  6104 | D:9      | 6104 ||| Stepping ~*~*~tactically~*~*~ (retreating).
  6105 | D:9      | Noticed Erica
  6106 | D:9      | 6106 ||| Stepping ~*~*~tactically~*~*~ (retreating).
  6107 | D:9      | 6107 ||| Stepping ~*~*~tactically~*~*~ (retreating).
  6118 | D:9      | 6118 ||| Stepping randomly (disturbance).
  6119 | D:9      | 6119 ||| Stepping randomly (disturbance).
  6240 | D:9      | 6240 ||| FLEEEEING.
  6241 | D:9      | 6241 ||| FLEEEEING.
  6242 | D:9      | 6242 ||| FLEEEEING.
  6243 | D:9      | 6243 ||| FLEEEEING.
  6244 | D:9      | 6244 ||| FLEEEEING.
  6245 | D:9      | 6245 ||| FLEEEEING.
  6246 | D:9      | 6246 ||| FLEEEEING.
  6247 | D:9      | 6247 ||| FLEEEEING.
  6248 | D:9      | 6248 ||| FLEEEEING.
  6249 | D:9      | 6249 ||| FLEEEEING.
  6250 | D:9      | 6250 ||| FLEEEEING.
  6251 | D:9      | 6251 ||| FLEEEEING.
  6252 | D:9      | 6252 ||| FLEEEEING.
  6253 | D:9      | 6253 ||| FLEEEEING.
  6254 | D:9      | 6254 ||| FLEEEEING.
  6255 | D:9      | 6255 ||| FLEEEEING.
  6256 | D:9      | 6256 ||| FLEEEEING.
  6257 | D:9      | 6257 ||| FLEEEEING.
  6258 | D:9      | 6258 ||| FLEEEEING.
  6259 | D:9      | 6259 ||| FLEEEEING.
  6260 | D:9      | 6260 ||| FLEEEEING.
  6261 | D:9      | 6261 ||| FLEEEEING.
  6262 | D:9      | 6262 ||| FLEEEEING.
  6263 | D:9      | 6263 ||| FLEEEEING.
  6264 | D:9      | 6264 ||| FLEEEEING.
  6286 | D:9      | Found a hide-covered altar of Uskayaw.
  6431 | D:9      | Reached skill level 13 in Ranged Weapons
  6445 | D:9      | Reached XP level 11. HP: 68/68 MP: 14/14
  6450 | D:9      | Found a staircase to the Orcish Mines.
  6587 | D:10     | Entered Level 10 of the Dungeon
  6652 | D:10     | 6652 ||| Stepping randomly (disturbance).
  6653 | D:10     | 6653 ||| Stepping randomly (disturbance).
  6661 | D:10     | Reached **** piety under Okawaru
  6680 | D:10     | Reached skill level 9 in Fighting
  6743 | D:10     | 6743 ||| DRINKING 3 potions of curing.
  6743 | D:10     | 6743 ||| (to cure confusion)
  6832 | D:10     | Noticed Erolcha
  6835 | D:10     | Killed Erolcha
  7028 | D:10     | Noticed a two-headed ogre
  7041 | D:10     | Killed a two-headed ogre
  7041 | D:10     | Reached ***** piety under Okawaru
  7048 | D:10     | Reached skill level 6 in Invocations
  7051 | D:10     | 7051 ||| FLEEEEING.
  7544 | D:10     | 7544 ||| UPGRADING to +5 ring of evasion.
  7546 | D:10     | 7546 ||| DROPPING +4 ring of protection.
  7547 | D:10     | 7547 ||| READING 6 scrolls of identify.
  7547 | D:10     | 7547 ||| IDENTIFYING scroll labelled PEAR JUOVOLELL
  7548 | D:10     | 7548 ||| DROPPING scroll of amnesia.
  7597 | D:11     | Noticed a two-headed ogre
  7601 | D:11     | Killed a two-headed ogre
  7602 | D:11     | 7602 ||| STAIRDANCE
  7619 | D:11     | Noticed a two-headed ogre
  7622 | D:11     | Killed a two-headed ogre
  7655 | D:11     | Noticed a cyclops
  7655 | D:11     | Noticed a two-headed ogre
  7658 | D:11     | Killed a two-headed ogre
  7658 | D:11     | Received a gift from Okawaru
  7659 | D:11     | Reached skill level 14 in Ranged Weapons
  7662 | D:11     | Killed a cyclops
  7666 | D:11     | Noticed a cyclops
  7667 | D:11     | Noticed a deep troll
  7668 | D:11     | 7668 ||| Stepping ~*~*~tactically~*~*~ (retreating).
  7675 | D:11     | Killed a deep troll
  7676 | D:11     | Killed a cyclops
  7712 | D:11     | Reached XP level 12. HP: 49/77 MP: 18/18
  7731 | D:11     | 7731 ||| FLEEEEING.
  7742 | D:11     | Killed Erica
  7781 | D:11     | 7781 ||| Stepping ~*~*~tactically~*~*~ (retreating).
  7783 | D:11     | 7783 ||| Stepping ~*~*~tactically~*~*~ (retreating).
  7785 | D:11     | 7785 ||| Stepping ~*~*~tactically~*~*~ (retreating).
  7786 | D:11     | Noticed a boulder beetle
  7787 | D:11     | 7787 ||| INVOKING Finesse.
  7788 | D:11     | Received a gift from Okawaru
  7789 | D:11     | Noticed a seven-headed hydra
  7797 | D:11     | Reached skill level 9 in Invocations
  7798 | D:11     | Noticed a tengu reaver
  7803 | D:11     | Killed a boulder beetle
  7807 | D:11     | Killed a seven-headed hydra
  7808 | D:11     | 7808 ||| INVOKING Finesse.
  7811 | D:11     | Reached skill level 6 in Dodging
  7813 | D:11     | 7813 ||| DRINKING 2 potions of curing.
  7813 | D:11     | 7813 ||| (to cure confusion)
  7819 | D:11     | HP: 16/77 [orc knight/+0 long sword (16)]
  7820 | D:11     | 7820 ||| READING 3 scrolls of teleportation.
  7820 | D:11     | HP: 4/77 [tengu reaver/+3 battleaxe (13)]
  7821 | D:11     | Mangled by a tengu reaver

Levels and vault maps discovered:
D:1:      tarquinn_simple_flora_water_d, layout_basic, dk_noncrumbling_2
D:2:      layout_basic, basic_altar
D:3:      layout_basic, serial_shops, nicolae_shop_advertising_works
          [nicolae_subvault_shop_adworks], hangedman_decor_points
D:4:      layout_rooms, kennysheep_slug_shrine,
          minmay_temple_entry_from_below_a, hangedman_minor_gate_pass
D:5:      gammafunk_wand_slinger, layout_basic, nicolae_nh_oracle_at_delphi,
          uniq_eustachio, uniq_ijyb
D:6:      kennysheep_big_flooded_room, layout_basic,
          mainiacjoe_overflow_alcove_4, mainiacjoe_overflow_surrounded_room,
          gammafunk_temple_overflow_wave, centaur_isle
D:7:      layout_basic, nicolae_overflow_hidden_temple,
          mainiacjoe_overflow_chevrons, dilly_guarded_unrand_morg
D:8:      layout_loops_ring, kennysheep_little_box
D:9:      layout_basic, nicolae_uskayaw_murder_on_the_dancefloor,
          mainiacjoe_overflow_24_doors, grunt_qazlal_sundering, david_orc_4,
          dk_vineyard_1, minivault_25, nrook_campfire, uniq_psyche, uniq_erica
D:10:     layout_stronghold, minmay_misc_feat_square, kennysheep_dice,
          uniq_erolcha
D:11:     layout_gridville, david_lair_shrubbed, portal_ice_cave_rime,
          nicolae_rejected_hall
Temple:   minmay_temple_curvy_loop

Skill      XL: |  1  2  3  4  5  6  7  8  9 10 11 12 |
---------------+-------------------------------------+-----
Armour         | 1 2 3 |  3.3
Ranged Weapons | 5 6 8 9 11 13 14 | 14.0
Fighting       | 3 4 5 6 7 8 9 10 | 10.0
Dodging        | 2 3 4 5 6 |  6.0
Invocations    | 2 4 8 9 |  9.7
Stealth        | |  1.1

Action                     |  1- 3 |  4- 6 |  7- 9 | 10-12 || total
---------------------------+-------+-------+-------+-------++-------
   Fire: Shortbow          |    62 |    49 |       |       ||   111
         Arbalest          |       |    65 |   140 |   361 ||   566
 Invoke: Finesse           |       |       |       |     2 ||     2
    Use: Scroll            |     3 |     6 |     9 |     3 ||    21
         Potion            |     3 |     2 |       |     2 ||     7
 Armour: Leather armour    |     3 |       |       |       ||     3
         Ring mail         |    29 |    40 |    45 |       ||   114
         Troll leather arm |       |       |    17 |   155 ||   172
  Dodge: Dodged            |    24 |    45 |    53 |   179 ||   301
  Block: Other             |       |       |       |    50 ||    50
         Reflection        |       |       |       |     4 ||     4

Table legend:
 A = Non-vault XP
 B = Vault XP
 C = Vault XP percentage of total XP
 D = Non-vault monster count
 E = Vault monster count
 F = Vault count percentage of total count
                 A         B        C        D         E       F
            +---------+---------+-------+---------+---------+-------
      Total |   10564 |   13596 |  56.3 |     178 |      66 |  27.0
            +---------+---------+-------+---------+---------+-------
        D:1 |      10 |       0 |   0.0 |       7 |       0 |   0.0
        D:2 |     153 |       0 |   0.0 |      17 |       0 |   0.0
        D:3 |      70 |       0 |   0.0 |      15 |       0 |   0.0
        D:4 |     246 |      59 |  19.3 |       8 |       4 |  33.3
        D:5 |     628 |     279 |  30.8 |      11 |       4 |  26.7
        D:6 |     581 |    1145 |  66.3 |      12 |       8 |  40.0
        D:7 |     997 |     674 |  40.3 |      15 |      11 |  42.3
        D:8 |    2378 |       0 |   0.0 |      43 |       0 |   0.0
        D:9 |    1023 |    1132 |  52.5 |      18 |      18 |  50.0
       D:10 |    2292 |    2013 |  46.8 |      25 |       5 |  16.7
       D:11 |    2186 |    8294 |  79.1 |       7 |      16 |  69.6
            +---------+---------+-------+---------+---------+-------
